 Dungeon Crawl Stone Soup version 0.29-a0-962-gc8bbfd0a37 (webtiles) character file.

Game seed: 13119842253041516507

193 RBrandon the Conjurer (level 5, -3/28 HPs)
             Began as a Deep Elf Wanderer on July 30, 2022.
             Slain by Terence
             ... wielding a +1 mace of protection
              (5 damage)
             ... on level 2 of the Dungeon.
             The game lasted 00:05:43 (2149 turns).

RBrandon the Conjurer (Deep Elf Wanderer)           Turns: 2149, Time: 00:05:43

Health: -3/28      AC:  2    Str:  5    XL:     5   Next: 43%
Magic:  10/10      EV: 11    Int: 20    God:
Gold:   65         SH:  5    Dex: 19    Spells: 6/10 levels left

rFire   . . .      SeeInvis +   l - +2 dagger (venom)
rCold   . . .      Faith    .   e - orb {light}
rNeg    . . .      Spirit   .   d - +0 robe
rPois   +          Reflect  +   (no helmet)
rElec   .          Harm     .   (no cloak)
rCorr   .          Rampage  .   (no gloves)
Will    .....                   (no boots)
Stlth   +.........              h - amulet of reflection
HPRegen 0.09/turn               f - ring of poison resistance
MPRegen 0.12/turn               (no ring)

@: glowing
A: see invisible, agile 1, low MP 2, sense surroundings 1, wild magic 1
a: no special abilities


You were on level 2 of the Dungeon.
You visited 1 branch of the dungeon, and saw 2 of its levels.

You collected 65 gold pieces.

Inventory:

Hand Weapons
 l - a +2 dagger of venom (weapon)
   (You took it off a goblin on level 1 of the Dungeon)
 m - a +2 dagger of electrocution
   (You took it off a goblin on level 2 of the Dungeon)
Missiles
 b - 16 poisoned darts
Armour
 d - a +0 robe (worn)
 e - an orb of light (worn)
   (You found it on level 1 of the Dungeon)
Jewellery
 f - a ring of poison resistance (left hand)
 h - an amulet of reflection (around neck)
Scrolls
 c - a scroll of teleportation
 i - 2 scrolls of blinking {unknown}
 j - 3 scrolls of identify {unknown}
 k - a scroll of magic mapping {unknown}
 n - a scroll of enchant armour {unknown}
Potions
 p - a potion of heal wounds {unknown}


   Skills:
 - Level 5.0 Throwing
 - Level 3.4 Spellcasting
 + Level 5.1 Conjurations
 - Level 2.1 Earth Magic
 - Level 2.1 Poison Magic


You had 6 spell levels left.
You knew the following spells:

 Your Spells              Type           Power      Damage    Failure   Level
a - Sandblast             Erth           30%        2d9       9%          1
b - Searing Ray           Conj           62%        2d6       4%          2
c - Magic Dart            Conj           100%       1d8       3%          1

Your spell library contained the following spells:

 Spells                   Type           Power      Damage    Failure   Level
 Sting                    Tmut/Pois      40%        1d5       13%         1
 Stone Arrow              Conj/Erth      46%        3d9       13%         3
 Poisonous Vapours        Pois/Air       20%        N/A       19%         2
 Dazzling Flash           Conj/Hex       34%        N/A       21%         3
 Fulminant Prism          Conj/Hex       8%         3d7       52%         4
 Iskenderun's Mystic Bla  Conj/Tloc      17%        2d5       52%         4
 Corpse Rot               Necr/Pois/Air  8%         N/A       77%         4
 Starburst                Conj/Fire      8%         6d4       100%        6


Dungeon Overview and Level Annotations

Branches:
Dungeon (2/15)

Altars:
Vehumet

Annotations:
D:2 Terence


Innate Abilities, Weirdness & Mutations

You have supernaturally acute eyesight. (SInv)
You are agile. (Dex +4, Str/Int -1)
Your magical capacity is very low. (-20% MP)
You passively map a small area around you.
Your spells are a little harder to cast, but a little more powerful.


Message History

You start resting.
Magic restored.
You start resting.
HP restored.
You drop a +0 dagger.
Found an escape hatch in the ceiling.
You now have 65 gold pieces (gained 6).
A rat is nearby!
A rat is nearby!
Found 8 gold pieces.
Terence shouts!
You block the rat's attack.
You hit the rat.
The rat is poisoned.
The rat is heavily wounded.
You kill the rat!
There is an escape hatch in the ceiling here.
A rat comes into view.
Found an escape hatch in the floor.
Terence hits you with a +1 mace of protection!
You hit Terence but do no damage.
Terence is poisoned.
Terence hits you with a +1 mace of protection.
* * * LOW HITPOINT WARNING * * *
You hit Terence but do no damage. Terence barely misses you.
You hit Terence but do no damage.
Terence looks even sicker.
Terence screams, "I'm going to kill you!"
Terence barely misses you.
You hit Terence but do no damage.
Terence looks as sick as possible!
Terence is lightly wounded.
Terence hits you with a +1 mace of protection!
* * * LOW HITPOINT WARNING * * *
Terence attacks as you move away!
Terence hits you with a +1 mace of protection.
* * * LOW HITPOINT WARNING * * *
The rat barely misses you. The rat closely misses you.
The rat attacks as you move away! The rat bites you.
* * * LOW HITPOINT WARNING * * *
Terence attacks as you move away!
Terence hits you with a +1 mace of protection.
You die...

........########...#
........########...#
.)......#......#...#
..).....#......#...#
........#......#...######
........#.......<.......#
........#...............#
*
........#####...@.......#
.####'### #...@r......#
... ... ...............'
.### .## ##'#..$........#
* .. ...............# #..
, ...............+ ..
...>...........# ,
....######.#### .... , ..
, ,


You could see Terence (extremely poisoned) and a rat.

Vanquished Creatures
  Sigmund (D:2)
  An adder (D:2)
  A bat (D:1)
  2 giant cockroaches (D:1)
  2 hobgoblins (D:2)
  2 jackals (D:1)
  4 kobolds
  A quokka (D:1)
  2 ball pythons
  6 goblins
  3 rats
25 creatures vanquished.

Vanquished Creatures (others)
  5 toadstools (D:1)
5 creatures vanquished.

Grand Total: 30 creatures vanquished

Notes
Turn   | Place    | Note
-------+----------+-------------------------------------------
     0 | D:1      | RBrandon the Deep Elf Wanderer began the quest for the Orb.
     0 | D:1      | RBrandon set off with the following items: a +0 dagger, 13
                  | poisoned darts, a scroll of teleportation, a +0 robe; and
                  | the following spells available to memorise: Sandblast,
                  | Sting, Poisonous Vapours, Stone Arrow, Corpse Rot.
     0 | D:1      | Reached XP level 1. HP: 10/10 MP: 5/5
     2 | D:1      | Learned a level 1 spell: Sandblast
   367 | D:1      | Found a faded altar of an unknown god.
   726 | D:1      | Reached XP level 2. HP: 15/15 MP: 6/8
  1232 | D:2      | Found a radiant altar of Vehumet.
  1242 | D:2      | Learned a level 2 spell: Searing Ray
  1245 | D:2      | Noticed Sigmund
  1247 | D:2      | Noticed Terence
  1671 | D:2      | Learned a level 1 spell: Magic Dart
  1684 | D:2      | Reached skill level 1 in Conjurations
  1909 | D:2      | Reached XP level 3. HP: 19/19 MP: 5/9
  1963 | D:2      | Gained mutation: Your magical capacity is low. (-10% MP)
                  | [potion of mutation]
  1963 | D:2      | Gained mutation: You passively map a small area around you.
                  | [potion of mutation]
  1963 | D:2      | Gained mutation: You are frail. (-10% HP) [potion of
                  | mutation]
  1963 | D:2      | Gained mutation: You have supernaturally acute eyesight.
                  | (SInv) [potion of mutation]
  1966 | D:2      | Killed Sigmund
  1967 | D:2      | Reached skill level 5 in Conjurations
  1967 | D:2      | Reached XP level 4. HP: 12/21 MP: 3/10
  1967 | D:2      | Reached XP level 5. HP: 14/25 MP: 3/11
  1967 | D:2      | Lost mutation: You have supernaturally acute eyesight.
                  | (SInv) [potion of mutation]
  1967 | D:2      | Lost mutation: You are frail. (-10% HP) [potion of
                  | mutation]
  1967 | D:2      | Gained mutation: Your magical capacity is very low. (-20%
                  | MP) [potion of mutation]
  1967 | D:2      | Gained mutation: Your spells are a little harder to cast,
                  | but a little more powerful. [potion of mutation]
  1967 | D:2      | Gained mutation: You are agile. (Dex +4, Str/Int -1)
                  | [potion of mutation]
  1967 | D:2      | Gained mutation: You have supernaturally acute eyesight.
                  | (SInv) [potion of mutation]
  2149 | D:2      | Slain by Terence

Illustrated notes

Levels and vault maps discovered:
D:1:      ldierk_walled_garden, layout_loops_corners,
          hellmonk_ecumenical_altar_leap_of_faith
D:2:      layout_basic, basic_altar, nrook_mini_vaults, uniq_sigmund,
          uniq_terence

Skill      XL: |  1  2  3 |
---------------+----------+-----
Spellcasting   | 3 |  3.4
Conjurations   | 1 5 |  5.1
Throwing       | |  5.0
Earth Magic    | |  2.1
Poison Magic   | |  2.1

Action                   |  1- 3 |  4- 6 || total
-------------------------+-------+-------++-------
Melee: Dagger            |     8 |     5 ||    13
Throw: Dart              |     2 |       ||     2
 Cast: Sandblast         |    34 |       ||    34
       Magic Dart        |     6 |       ||     6
       Searing Ray       |     1 |       ||     1
  Use: Potion            |     2 |     1 ||     3
Armor: Robe              |     6 |       ||     6
Dodge: Dodged            |    21 |     4 ||    25
Block: Orb               |     5 |     1 ||     6
       Reflection        |     1 |       ||     1

Table legend: (Time is in decaauts)
 A = Elapsed time spent in this place.
 B = Non-inter-level travel time spent in this place.
 C = Inter-level travel time spent in this place.
 D = Time resting spent in this place.
 E = Time spent auto-exploring this place.
 F = Levels seen in this place.
 G = Mean time per level.
                   A        B        C        D        E       F      G
               +--------+--------+--------+--------+--------+-----+--------+
         Total |   2182 |   2147 |     35 |    837 |    990 |   2 | 1091.0 |
       Dungeon |   2182 |   2147 |     35 |    837 |    990 |   2 | 1091.0 |
               +--------+--------+--------+--------+--------+-----+--------+

Top non-repeatable levels by time:
     D:1: 1455 daAuts
     D:2: 727 daAuts

Table legend:
 A = Kills in this place as a percentage of kills in entire the game.
 B = Kills by you in this place as a percentage of kills by you in the entire game.
 C = Kills by friends in this place as a percentage of kills by friends in the entire game.
 D = Other kills in this place as a percentage of other kills in the entire game.
 E = Experience gained in this place as a percentage of experience gained in the entire game.
 F = Experience gained in this place divided by the number of levels of this place that you have seen.
                   A       B       C       D       E      F
               +-------+-------+-------+-------+-------+----------------------
         Total | 100.0 | 100.0 |   N/A |   N/A | 100.0 | 138.0
       Dungeon | 100.0 | 100.0 |   N/A |   N/A | 100.0 | 138.0
               +-------+-------+-------+-------+-------+----------------------
